 Dungeon Crawl Stone Soup version 0.31-a0-549-gf98fd537a9 (webtiles) character file.

Game seed: 2654197255202206931

2 Morbidden the Sneak (level 1, 0/11 HPs)
             Began as a Vine Stalker Brigand on Aug 16, 2023.
             Slain by a rat (3 damage)
             ... on level 1 of the Dungeon.
             The game lasted 00:00:14 (120 turns).

Morbidden the Sneak (Vine Stalker Brigand)           Turns: 120, Time: 00:00:14

Health: 0/11       AC:  3    Str: 13    XL:     1   Next: 40%
Magic:  0/2        EV: 11    Int: 11    God:
Gold:   34         SH:  0    Dex: 15    Spells: 0/0 levels left

rFire   . . .        a - +2 dagger
rCold   . . .        (no shield)
rNeg    . . .        b - +0 robe
rPois   .            (no helmet)
rElec   .            c - +0 cloak
rCorr   .            (no gloves)
SInv    .            (no boots)
Will    .....        (no amulet)
Stlth   +++          (no ring)
HPRegen 0.21/turn    (no ring)
MPRegen 0.08/turn

%: guardian spirit
@: no status effects
A: fangs 2, magic shield, antimagic bite, no potion heal 2
a: no special abilities


You were on level 1 of the Dungeon.
You visited 1 branch of the dungeon, and saw 1 of its levels.

You collected 34 gold pieces.

Inventory:

Hand Weapons
 a - a +2 dagger (weapon)
Missiles
 d - 9 poisoned darts (quivered)
 e - 3 curare-tipped darts
Armour
 b - a +0 robe (worn)
 c - a +0 cloak (worn)
Scrolls
 f - a scroll of enchant weapon {unknown}
 g - a scroll of torment {unknown}
Potions
 h - a potion of heal wounds {unknown}


   Skills:
 * Level 1.7 Fighting
 + Level 1.7 Short Blades
 + Level 1.7 Throwing
 * Level 0.1 Armour
 * Level 0.7 Dodging
 + Level 4.8 Stealth
 * Level 0.2 Spellcasting


You couldn't memorise any spells.
You didn't know any spells.
Your spell library was empty.

Dungeon Overview and Level Annotations

Branches:
Dungeon (1/15)

Altars:


Innate Abilities, Weirdness & Mutations

You have extremely sharp teeth.
When hurt, damage is shared between your health and your magic reserves.
Your bite disrupts and absorbs the magic of your enemies.
Potions cannot restore your health.


Message History

The jackal barks!
You hit the hobgoblin but do no damage. The hobgoblin closely misses you.
You completely miss the hobgoblin. The hobgoblin hits you.
You closely miss the hobgoblin.
An endoplasm comes into view.
The hobgoblin hits you.
You barely miss the hobgoblin. The rat barely misses you.
The hobgoblin hits you but does no damage.
The hobgoblin closely misses you. The goblin hits you but does no damage.
The endoplasm quivers.
You hit the hobgoblin but do no damage.
A jackal comes into view.
The rat barely misses you.
An endoplasm comes into view.
The hobgoblin barely misses you. The hobgoblin hits you.
The goblin barely misses you.
Unknown command.
Unknown command.
The hobgoblin attacks as you move away! The hobgoblin hits you.
* * * LOW HITPOINT WARNING * * *
The jackal barely misses you. The hobgoblin attacks as you move away!
The hobgoblin closely misses you. The rat attacks as you move away!
The rat barely misses you.
The jackal bites you but does no damage.
The hobgoblin barely misses you. The jackal attacks as you move away!
The jackal closely misses you. The hobgoblin attacks as you move away!
The hobgoblin closely misses you. The rat attacks as you move away!
The rat barely misses you. The jackal closely misses you.
Unknown command.
Unknown command.
Unknown command.
Unknown command.
Unknown command.
Unknown command.
The jackal attacks as you move away! The jackal barely misses you.
Unknown command.
Unknown command.
The rat attacks as you move away! The rat bites you.
You die...

..........#.........#.......
..###...###.........#....g!.
### #.......................
######.....#####.#........rg
^#^# #......####...#........
#######.#...................
...#X##'##...###.#..........
##.###...###.# #.##.........
^#.....>.#d#..##@##.?#...###
######...###...rh#.......##
#^#X##+##.....ggg...)......
##### #......K.........##♣
.................#
...................
....J.h......(......
#..........J........
#...................


You could see 2 endoplasms, 2 jackals, 2 hobgoblins, a goblin, a kobold and a
rat.

Vanquished Creatures
  2 bats (D:1)
  A kobold (D:1)
3 creatures vanquished.

Notes
Turn   | Place    | Note
-------+----------+-------------------------------------------
     0 | D:1      | Morbidden the Vine Stalker Brigand began the quest for the
                  | Orb.
     0 | D:1      | Reached XP level 1. HP: 11/11 MP: 2/2
     0 | D:1      | Noticed a green draconian
     0 | D:1      | Noticed an orb of fire
     1 | D:1      | Noticed a shadow dragon
     4 | D:1      | Noticed an ice dragon
     4 | D:1      | Noticed a large abomination
     8 | D:1      | Noticed an orb of fire
     9 | D:1      | Noticed a large abomination
    10 | D:1      | Noticed an iron dragon
    12 | D:1      | Noticed a tentacled monstrosity
    14 | D:1      | Noticed a tentacled monstrosity
    14 | D:1      | Noticed an iron dragon
    16 | D:1      | Noticed a tentacled monstrosity
    16 | D:1      | Noticed a tentacled monstrosity
    20 | D:1      | Noticed a tentacled monstrosity
    22 | D:1      | Noticed a purple draconian
   120 | D:1      | Slain by a rat

Illustrated notes

Levels and vault maps discovered:
D:1:      shiori_arrival_whats_in_store_for_you, layout_rooms,
          minmay_misc_feat_encased, dreamdust_princess_corridor,
          lexackson_kobold_supper

Action                     || total
---------------------------++-------
  Melee: Dagger            ||     9
   Stab: Sleeping          ||     1
 Armour: Robe              ||     5
  Dodge: Dodged            ||    17

Table legend: (Time is in decaauts)
 A = Elapsed time spent in this place.
 B = Non-inter-level travel time spent in this place.
 C = Inter-level travel time spent in this place.
 D = Time resting spent in this place.
 E = Time spent auto-exploring this place.
 F = Levels seen in this place.
 G = Mean time per level.
                   A        B        C        D        E       F      G
               +--------+--------+--------+--------+--------+-----+--------+
         Total |    119 |    119 |      0 |      0 |     82 |   1 |  119.0 |
       Dungeon |    119 |    119 |      0 |      0 |     82 |   1 |  119.0 |
               +--------+--------+--------+--------+--------+-----+--------+

Top non-repeatable levels by time:
     D:1: 119 daAuts
